 Dungeon Crawl Stone Soup version 0.27-a0-109-g416527ed24 (webtiles) character file.

Game seed: 16377396710452434911

42 timneilson the Covered (level 3, -10/34 HPs)
             Began as a Gargoyle Fighter on Jan 24, 2021.
             Mangled by an orc warrior
             ... wielding a +0 flail
              (12 damage)
             ... on level 2 of the Dungeon.
             The game lasted 00:02:31 (1602 turns).

timneilson the Covered (Gargoyle Fighter)           Turns: 1602, Time: 00:02:32

Health: -10/34     AC: 21    Str: 20    XL:     3   Next: 56%
Magic:  3/3        EV:  2    Int:  8    God:
Gold:   117        SH:  9    Dex:  9    Spells: 2/2 levels left

rFire    . . .     SeeInvis .   a - +0 long sword
rCold    . . .     Faith    .   c - +0 kite shield
rNeg     + + +     Spirit   .   (armour currently unavailable)
rPois    ∞         Reflect  .   (helmet currently unavailable)
rElec    .         Harm     .   (cloak currently unavailable)
rCorr    .         Rampage  .   (gloves currently unavailable)
Will     .....     NoTele   +   (boots currently unavailable)
Stlth    +.........             (no amulet)
HPRegen  0.11/turn              f - ring of flight
MPRegen  0.08/turn              (no ring)

@: mighty, tree-form
A: negative energy resistance 1, petrification resistance, miasma immunity, AC
+3
a: no special abilities


You were on level 2 of the Dungeon.
You were a tree.
You visited 1 branch of the dungeon, and saw 2 of its levels.

You collected 117 gold pieces.

Inventory:

Hand Weapons
 a - a +0 long sword (weapon)
Armour
 b - a +0 scale mail (melded)
 c - a +0 kite shield (worn)
Jewellery
 f - a ring of flight (left branch)
Scrolls
 e - a scroll of teleportation
Potions
 d - a potion of might
 i - 2 potions of haste
 j - 2 potions of attraction


   Skills:
 + Level 3.6 Fighting
 * Level 2.3 Long Blades
 * Level 3.8 Armour
 * Level 3.7 Shields


You had 2 spell levels left.
You didn't know any spells.
Your spell library was empty.

Dungeon Overview and Level Annotations

Branches:
Dungeon (2/15)

Altars:
Fedhas

Annotations:
D:2 exclusion: oklob plant


Innate Abilities, Weirdness & Mutations

You are resistant to torment.
((Your stone body is resilient. (AC +3)))
You are immune to poison.
You resist negative energy. (rN+)
((You are resistant to electric shocks. (rElec)))
((You can survive without breathing.))
You are immune to petrification.
You are immune to miasma.


Message History

You kill the adder!
You feel very mighty all of a sudden. You block the frilled lizard's attack.
You miss the frilled lizard. The frilled lizard bites you.
You block the frilled lizard's attack.
You barely miss the frilled lizard. You block the frilled lizard's attack.
You slice the frilled lizard!!
You kill the frilled lizard!
The orc warrior hits you with a +0 flail!
You barely miss the orc warrior.
The orc warrior hits you with a +0 flail!
* * * LOW HITPOINT WARNING * * *
You barely miss the orc warrior. You block the orc warrior's attack.
Unknown command.
Really quaff the potion of lignification?
You turn into a tree.
Your +0 scale mail melds into your body.
Your roots penetrate the ground.
The orc warrior hits you with a +0 flail!
You die...

#...#..####.#.#.#.#.
#......##.........
##.##.....#.#.#.#
#....#.###.......
#.##...####......
#.####.##.....###
##.# #....##..# #..#
#...###[.... #♣##
#.......###. #o#
##....###### #g#
#....#


♣PP #oo ###..# ♣P. bog. ..# #♣#P #.#g# <.# #PPP ..... ..# #.#P ...... .. #PPP
o.. ... #PPP You could see an orc warrior, 3 orcs, 2 hobgoblins, a goblin and a
bat.

Vanquished Creatures
  An adder (D:2)
  A worm (D:2)
  2 dart slugs
  2 giant cockroaches
  3 goblins
  2 hobgoblins (D:1)
  4 jackals
  A bat (D:1)
  4 frilled lizards
  3 kobolds
  3 rats
26 creatures vanquished.

Vanquished Creatures (others)
  10 toadstools (D:2)
10 creatures vanquished.

Grand Total: 36 creatures vanquished

Notes
Turn   | Place    | Note
-------+----------+-------------------------------------------
     0 | D:1      | timneilson the Gargoyle Fighter began the quest for the
                  | Orb.
     0 | D:1      | Reached XP level 1. HP: 14/14 MP: 1/1
   431 | D:1      | Reached XP level 2. HP: 19/19 MP: 2/2
  1140 | D:2      | Found a blossoming altar of Fedhas.
  1152 | D:2      | Noticed an oklob plant
  1504 | D:2      | Reached XP level 3. HP: 23/23 MP: 3/3
  1580 | D:2      | Noticed an orc warrior
  1600 | D:2      | HP: 1/23 [orc warrior/+0 flail (7)]
  1602 | D:2      | Mangled by an orc warrior

Illustrated notes

Levels and vault maps discovered:
D:1:      matt_arrival_spirals, layout_basic, serial_bayou,
          serial_bayou_lagoon_a, serial_bayou_ford_a, serial_bayou_pond_d,
          serial_bayou_lagoon_b
D:2:      layout_rooms, tgw_fedhas, grunt_ministairs_1, st_stairs_4, hex_medium,
          minmay_split_cup_large

Skill      XL: |  1 |
---------------+----+-----
Long Blades    | 2 |  2.3
Fighting       | |  3.6
Armour         | |  3.8
Shields        | |  3.7

Action                   || total
-------------------------++-------
Melee: Long sword        ||    81
  Use: Scroll            ||     7
       Potion            ||     2
Armor: Scale mail        ||    49
Dodge: Dodged            ||    19
Block: Kite shield       ||    49
       Rpst.: Long sword ||     9

Table legend: (Time is in decaauts)
 A = Elapsed time spent in this place.
 B = Non-inter-level travel time spent in this place.
 C = Inter-level travel time spent in this place.
 D = Time resting spent in this place.
 E = Time spent auto-exploring this place.
 F = Levels seen in this place.
 G = Mean time per level.
                   A        B        C        D        E       F      G
               +--------+--------+--------+--------+--------+-----+--------+
         Total |   1664 |   1659 |      5 |    274 |   1163 |   2 |  832.0 |
       Dungeon |   1664 |   1659 |      5 |    274 |   1163 |   2 |  832.0 |
               +--------+--------+--------+--------+--------+-----+--------+

Top non-repeatable levels by time:
     D:1: 1319 daAuts
     D:2: 344 daAuts
